 Dungeon Crawl Stone Soup version 0.29-a0-1009-g60c99734e7 (webtiles) character file.

Game seed: 17152601134989836556

111 vineage the Trooper (level 4, 0/30 HPs)
             Began as a Gargoyle Fighter on Aug 8, 2022.
             Splashed by a jelly's acid (4 damage)
             ... on level 2 of the Dungeon.
             The game lasted 00:02:20 (2166 turns).

vineage the Trooper (Gargoyle Fighter)              Turns: 2166, Time: 00:02:21

Health: 0/30       AC:  4    Str: 21    XL:     4   Next: 92%
Magic:  4/4        EV:  9    Int:  9    God:
Gold:   119        SH:  4    Dex:  9    Spells: 3/3 levels left

rFire   . . .      SeeInvis .   j - +0 whip (drain)
rCold   . . .      Faith    .   c - +0 buckler
rNeg    + . .      Spirit   .   b - +0 scale mail
rPois   ∞          Reflect  .   (no helmet)
rElec   +          Harm     .   (no cloak)
rCorr   .          Rampage  .   g - +0 pair of gloves
Will    .....                   h - +0 pair of boots
Stlth   ..........              (no amulet)
HPRegen 0.10/turn               (no ring)
MPRegen 0.09/turn               (no ring)

@: about to teleport, corroded
A: sickness immunity, AC +3, negative energy resistance 1, electricity
resistance, torment resistance 1, petrification resistance
a: no special abilities


You were on level 2 of the Dungeon.
You visited 1 branch of the dungeon, and saw 2 of its levels.

You collected 119 gold pieces.

Inventory:

Hand Weapons
 a - a +0 flail
 j - a +0 whip of draining (weapon)
Armour
 b - a +0 scale mail (worn)
 c - a +0 buckler (worn)
 g - a +0 pair of gloves (worn)
 h - a +0 pair of boots (worn)
Potions
 d - 2 potions of might
 f - a potion of brilliance
 i - 2 potions of attraction {unknown}
 l - a potion of heal wounds {unknown}
 m - a potion of flight {unknown}
 n - a potion of berserk rage {unknown}


   Skills:
 * Level 4.8 Fighting
 * Level 3.7 Maces & Flails
 - Level 3.2 Armour
 - Level 3.2 Shields


You had 3 spell levels left.
You didn't know any spells.
Your spell library was empty.

Dungeon Overview and Level Annotations

Branches:
Dungeon (2/15)

Altars:

Shops:
D:1 (

Annotations:
D:2 1 runed translucent door, Crazy Yiuf


Innate Abilities, Weirdness & Mutations

You are immune to sickness and miasma.
Your stone body is resilient. (AC +3)
You are immune to poison.
You resist negative energy. (rN+)
You are resistant to electric shocks. (rElec)
You are resistant to unholy torment.
You are immune to petrification.


Message History

The endoplasm jiggles.
You hit the endoplasm.
The endoplasm is severely wounded.
You block the endoplasm's attack.
Something hits the fungus.
The fungus begins to die.
Something hits the fungus.
You whack the endoplasm!
You kill the endoplasm!
The jelly hits you but does no damage.
The endoplasm hits the fungus.
Something hits the fungus.
You hit the jelly. You drain the jelly.
Your hands burn!
The jelly is moderately wounded.
The jelly barely misses you.
Something hits the fungus. x2
You hit the jelly. You drain the jelly. The acid corrodes you!
Your hands burn!
The jelly is almost dead.
You hit the jelly.
You kill the jelly!
A nearby fungus withers and dies.
You hit the jelly.
Your hands burn!
The jelly is lightly wounded.
You block the jelly's attack.
You hit the jelly but do no damage. The acid corrodes you!
Your hands burn!
The jelly is lightly wounded.
The jelly hits you.
You are splashed with acid!
* * * LOW HITPOINT WARNING * * *
You are too injured to fight recklessly!
You are too injured to fight recklessly!
You are too injured to fight recklessly!
You are too injured to fight recklessly!
You are too injured to fight recklessly!
You are too injured to fight recklessly!
You are too injured to fight recklessly!
You are too injured to fight recklessly!
You are too injured to fight recklessly!
You are too injured to fight recklessly!
Okay, then.
As you read the scroll of teleportation, it crumbles to dust.
You feel strangely unstable. The jelly hits you.
* * * LOW HITPOINT WARNING * * *
You are splashed with acid.
You die...

######### #.# #.# #)#
#)# ####.# #######
#.....
#.....J##########
#.####
#.P..JJJ##......####.#
#÷....J#@#.......##..#
#..P..J#.#........'..#
#..J..J#.#........'..#
#P..P.÷#)#'#......'.##
#.J...J#.#.#.....##.#
#.PPPP.#.#.#....#####
#$.÷÷..##.####### ###


You could see a jelly and 3 endoplasms.

Vanquished Creatures
  2 jellies (D:2)
  2 ball pythons
  4 endoplasms
  2 giant cockroaches (D:1)
  3 goblins
  6 hobgoblins (D:1)
  7 jackals (D:1)
  2 quokkas (D:1)
  4 frilled lizards
  11 kobolds
  3 rats (D:1)
46 creatures vanquished.

Vanquished Creatures (others)
  A fungus (D:2)
  7 toadstools (D:2)
8 creatures vanquished.

Grand Total: 54 creatures vanquished

Notes
Turn   | Place    | Note
-------+----------+-------------------------------------------
     0 | D:1      | vineage the Gargoyle Fighter began the quest for the Orb.
     0 | D:1      | Reached XP level 1. HP: 14/14 MP: 1/1
   418 | D:1      | Reached XP level 2. HP: 19/19 MP: 2/2
   576 | D:1      | Found Calad's Weapon Emporium.
  1074 | D:1      | Reached XP level 3. HP: 21/24 MP: 3/3
  1085 | D:1      | Reached skill level 4 in Fighting
  1739 | D:2      | Found a runed translucent door.
  1740 | D:2      | Noticed Crazy Yiuf
  2157 | D:2      | Reached XP level 4. HP: 26/30 MP: 4/4
  2166 | D:2      | Splashed by a jelly's acid

Illustrated notes

Levels and vault maps discovered:
D:1:      minmay_arrival_widening_spiral_narrow, layout_basic, serial_shops,
          shop_fountains, minmay_3d_cube
D:2:      cheibrodos_fertilizer, layout_basic, chequers_ecumenical_altar_twisty,
          serial_shops, nicolae_shop_trees, uniq_jessica,
          uniq_crazy_yiuf_cottage, uniq_natasha, uniq_terence

Skill      XL: |  1  2  3 |
---------------+----------+-----
Fighting       | 4 |  4.8
Maces & Flails | 3 |  3.7
Armour         | |  3.2
Shields        | |  3.2

Action                   |  1- 3 |  4- 6 || total
-------------------------+-------+-------++-------
Melee: Flail             |   166 |       ||   166
       Whip              |     4 |     8 ||    12
  Use: Scroll            |     5 |     1 ||     6
Armor: Scale mail        |   101 |     1 ||   102
Dodge: Dodged            |    85 |     1 ||    86
Block: Buckler           |    32 |     3 ||    35

Table legend: (Time is in decaauts)
 A = Elapsed time spent in this place.
 B = Non-inter-level travel time spent in this place.
 C = Inter-level travel time spent in this place.
 D = Time resting spent in this place.
 E = Time spent auto-exploring this place.
 F = Levels seen in this place.
 G = Mean time per level.
                   A        B        C        D        E       F      G
               +--------+--------+--------+--------+--------+-----+--------+
         Total |   2216 |   2120 |     96 |      0 |   1724 |   2 | 1108.0 |
       Dungeon |   2216 |   2120 |     96 |      0 |   1724 |   2 | 1108.0 |
               +--------+--------+--------+--------+--------+-----+--------+

Top non-repeatable levels by time:
     D:1: 1692 daAuts
     D:2: 523 daAuts
